AoeStats
← Blandengue

Black Forest

506982708Analyzed
4v4 RM · 16d ago on Sep 16, 2026· 84m 26s· 8 players
Game mode
Random Map
Map size
Large (8 player)
Population
200
Speed
Normal
Resources
Standard
Victory
Conquest
Starting age
Dark Age
Ending age
Imperial Age
RankedLock teamsTeams togetherTeam positionsShared explorationLock speedFull tech treeHidden civsTurbo modeCheats
Victory
Defeat
🇵🇪 Mongols · Peru
1353
+13
🇵🇪 Slavs · Peru
1351
+14
🇵🇪 Malay · Peru
1333
+14
🇵🇪 Franks · Peru
1299
+16
🇦🇷 Japanese · Argentina
1355
-16
🇲🇽 Koreans · Mexico
1327
-16
🇨🇴 Khmer · Colombia
1293
-14
🇺🇸 Khitans · United States
1206
-11
RaffaEP
1:05 Loom
12:01 Feudal Age
14:01 Double-Bit Axe
17:49 Castle Age
16:50 Fishing Lines
18:48 Bow Saw
18:29 Domestication
21:34 Scale Barding Armor
21:40 Forging
22:45 Wheelbarrow
26:32 Hand Cart
29:04 Gillnets
35:59 Imperial Age
33:54 Chain Barding Armor
34:09 Iron Casting
33:46 Gold Mining
33:49 Stone Mining
34:46 Fletching
35:13 Scale Mail Armor
34:59 Pikeman
35:25 Arson
35:41 Squires
35:27 Gambesons
36:21 Bodkin Arrow
36:26 Padded Archer Armor
37:20 Husbandry
38:19 Plate Barding Armor
38:00 Chain Mail Armor
37:46 Treadmill Crane
38:29 Ballistics
38:22 Fortified Wall
38:13 Murder Holes
40:12 Bracer
40:27 Leather Archer Armor
41:31 Plate Mail Armor
43:12 Ring Archer Armor
43:22 Pastoralism
45:06 Stone Shaft Mining
45:07 Parthian Tactics
46:30 Chemistry
46:13 Heavy Rocket Cart
47:27 Light Cavalry
48:06 Heavy Camel Rider
51:11 Thumb Ring
55:23 Conscription
56:31 Two-Man Saw
55:54 Elite Skirmisher
64:38 Masonry
70:13 Fervor
74:02 Heavy Cavalry Archer
77:14 Transhumance
76:23 Elite Fire Lancer
Milongo
12:46 Feudal Age
15:56 Castle Age
14:07 Double-Bit Axe
14:02 Horse Collar
14:13 Gold Mining
17:39 Bow Saw
22:46 Stone Mining
24:20 Wheelbarrow
23:32 Town Watch
24:05 Loom
28:19 Imperial Age
26:12 Hand Cart
27:26 Bloodlines
27:17 Husbandry
27:33 Forging
27:26 Heavy Plow
28:02 Gold Shaft Mining
29:18 Scale Barding Armor
29:49 Iron Casting
29:09 Fletching
29:55 Conscription
29:05 Sappers
30:07 Elite Battle Elephant
31:09 Chain Barding Armor
31:26 Tusk Swords
35:45 Plate Barding Armor
36:12 Blast Furnace
36:07 Bodkin Arrow
37:01 Light Cavalry
41:02 Hussar
44:40 Caravan
44:50 Bracer
73:55 Double Crossbow
74:33 Heavy Scorpion
75:15 Padded Archer Armor
75:56 Crop Rotation
80:41 Chemistry
Niccals_
6:51 Loom
9:35 Feudal Age
16:15 Fletching
23:06 Wheelbarrow
25:40 Castle Age
32:09 Double-Bit Axe
32:06 Horse Collar
jj
1:35 Loom
11:35 Feudal Age
12:07 Double-Bit Axe
14:53 Fletching
24:10 Castle Age
25:36 Horse Collar
26:18 Gold Mining
26:40 Bow Saw
29:52 Town Watch
35:52 Wheelbarrow
38:25 Imperial Age
36:29 Pikeman
36:55 Gambesons
36:56 Arson
37:15 Scale Mail Armor
38:00 Squires
38:35 Fortified Wall
39:02 Chain Mail Armor
38:35 Halberdier
41:10 Guard Tower
42:23 Chemistry
44:43 Bodkin Arrow
45:19 Plate Mail Armor
44:36 Elite Samurai
46:11 Keep
45:21 Arrowslits
47:10 Conscription
48:41 Heavy Plow
49:27 Yasama
49:51 Ballistics
49:33 Bracer
50:24 Treadmill Crane
51:45 Forging
51:35 Crossbowman
52:21 Thumb Ring
52:29 Stone Mining
52:14 Arbalester
64:22 Two-Man Saw
63:47 Onager
63:50 Capped Ram
73:27 Onager
75:24 Elite Skirmisher
78:34 Padded Archer Armor
79:10 Iron Casting
Samcito
1:43 Loom
14:06 Feudal Age
15:45 Fletching
21:52 Castle Age
31:38 Redemption
33:38 Atonement
34:36 Sanctity
34:41 Devotion
34:46 Gold Mining
41:32 Imperial Age
40:39 Heresy
41:46 Illumination
42:00 Forging
42:41 Conscription
45:05 Conscription
52:01 Block Printing
52:34 Herbal Medicine
61:39 Crossbowman
62:27 Thumb Ring
62:19 Bodkin Arrow
62:35 Arbalester
63:23 Bracer
64:05 Ballistics
64:37 Padded Archer Armor
66:42 Chemistry
Blandengue
6:47 Loom
11:36 Feudal Age
12:39 Double-Bit Axe
15:37 Castle Age
16:36 Bow Saw
24:09 Horse Collar
24:17 Town Watch
24:26 Stone Mining
24:57 Gold Mining
26:14 Wheelbarrow
25:54 Bloodlines
25:44 Husbandry
29:38 Gold Shaft Mining
32:27 Imperial Age
30:37 Forging
30:32 Scale Barding Armor
31:59 Iron Casting
31:50 Hand Cart
32:44 Chain Barding Armor
32:44 Elite Boyar
32:48 Capped Ram
33:57 Conscription
35:30 Two-Man Saw
34:31 Heavy Plow
38:15 Blast Furnace
37:51 Plate Barding Armor
41:15 Hoardings
44:11 Pikeman
44:50 Halberdier
45:54 Squires
45:57 Scale Mail Armor
49:12 Fortified Wall
51:27 Chain Mail Armor
51:41 Masonry
53:00 Onager
74:36 Siege Ram
74:43 Man-at-Arms
76:34 Plate Mail Armor
tomitom
3:24 Loom
9:09 Feudal Age
9:26 Man-at-Arms
11:03 Double-Bit Axe
18:58 Padded Archer Armor
22:34 Castle Age
20:46 Fletching
21:37 Horse Collar
23:34 Husbandry
23:45 Bloodlines
25:31 Bodkin Arrow
33:28 Imperial Age
31:28 Ballistics
32:07 Bow Saw
34:51 Conscription
34:59 Bracer
38:15 Chemistry
37:29 Gold Mining
38:29 Leather Archer Armor
42:15 Parthian Tactics
41:59 Thumb Ring
44:54 Elite Mangudai
62:22 Wheelbarrow
61:32 Town Watch
62:09 Capped Ram
63:42 Onager
64:12 Heavy Cavalry Archer
67:08 Elite Skirmisher
72:41 Heavy Plow
75:48 Siege Ram
84:05 Drill
84:59 Scale Mail Armor
Puino
1:39 Loom
13:36 Feudal Age
15:16 Double-Bit Axe
18:06 Castle Age
17:19 Gold Mining
17:40 Scale Barding Armor
20:32 Forging
24:39 Chain Barding Armor
27:04 Husbandry
30:22 Iron Casting
32:49 Bow Saw
36:44 Wheelbarrow
40:46 Imperial Age
38:34 Hand Cart
42:07 Plate Barding Armor
42:43 Blast Furnace
41:18 Cavalier
44:12 Pikeman
44:53 Squires
44:55 Scale Mail Armor
44:54 Halberdier
45:53 Chain Mail Armor
47:06 Plate Mail Armor
47:01 Conscription
48:41 Paladin
53:44 Chemistry
53:04 Ballistics
53:01 Masonry
53:40 Man-at-Arms
54:08 Gambesons
55:15 Fletching
55:49 Ballistics
57:22 Bodkin Arrow
74:03 Light Cavalry
Connection lost

Rejoining the realm…

Still unreachable

The connection could not be restored.

Session expired

The server has moved on; the page needs a fresh start.